 Dungeon Crawl Stone Soup version 0.28-a0-863-g8cecda6153 (webtiles) character file.

Game seed: 8401102027662108700

112 siradein the Skirmisher (level 4, -3/37 HPs)
             Began as a Demonspawn Fighter on Nov 18, 2021.
             Killed from afar by Sigmund (5 damage)
             ... with a magic dart
             ... on level 2 of the Dungeon.
             The game lasted 00:03:36 (2124 turns).

siradein the Skirmisher (Demonspawn Fighter)        Turns: 2124, Time: 00:03:37

Health: -3/37      AC:  6    Str: 17    XL:     4   Next: 63%
Magic:  4/4        EV:  9    Int: 10    God:
Gold:   111        SH:  4    Dex: 12    Spells: 3/3 levels left

rFire   . . .      SeeInvis .   a - +0 long sword
rCold   + . .      Faith    .   c - +0 buckler
rNeg    . . .      Spirit   .   b - +0 scale mail
rPois   .          Reflect  .   (helmet restricted)
rElec   .          Harm     .   (no cloak)
rCorr   .          Rampage  .   (no gloves)
Will    .....                   (no boots)
Stlth   ..........              m - amulet of magic regeneration
HPRegen 0.12/turn               f - ring of protection from cold
MPRegen 0.43/turn               (no ring)

@: mighty
A: antennae 1, magic regeneration
a: no special abilities


You were on level 2 of the Dungeon.
You visited 1 branch of the dungeon, and saw 3 of its levels.

You collected 111 gold pieces.

Inventory:

Hand Weapons
 a - a +0 long sword (weapon)
Missiles
 g - 28 stones (quivered)
Armour
 b - a +0 scale mail (worn)
 c - a +0 buckler (worn)
 h - a +0 tower shield
Jewellery
 f - a ring of protection from cold (left hand)
 m - an amulet of magic regeneration (around neck)
 n - a ring of ice
Scrolls
 j - a scroll of identify {unknown}
 k - a scroll of teleportation {unknown}
 l - a scroll of fear {unknown}
Potions
 d - 2 potions of might
 e - a potion of curing {unknown}
 i - 2 potions of magic {unknown}


   Skills:
 + Level 3.7 Fighting
 + Level 2.6 Long Blades
 + Level 3.3 Armour
 + Level 3.4 Shields


You had 3 spell levels left.
You didn't know any spells.
Your spell library contained the following spells:

 Spells                   Type           Power      Damage    Failure   Level
 Sting                    Tmut/Pois      0%         1d3       80%         1
 Poisonous Vapours        Pois/Air       0%         N/A       90%         2
 Olgreb's Toxic Radiance  Pois           0%         N/A       100%        4


Dungeon Overview and Level Annotations

Branches:
Dungeon (3/15)

Altars:

Annotations:
D:2 Sigmund


Innate Abilities, Weirdness & Mutations

You have a pair of small antennae on your head.
You regenerate magic rapidly.


Message History

You can't go up here!
You climb downwards.
Level annotation: Sigmund
There is a stone staircase leading up here.
Sigmund points at you and mumbles some strange words.
The puff of flame misses you.
You see here 9 gold pieces.
You feel very mighty all of a sudden. Sigmund casts a spell at you.
The magic dart hits you! Sigmund hits you with a +0 scythe!
You are too injured to fight recklessly!
You are too injured to fight recklessly!
You are too injured to fight recklessly!
You slash Sigmund!
Sigmund is moderately wounded.
Sigmund closely misses you.
You slash Sigmund!
Sigmund is severely wounded.
Sigmund gestures at you while chanting. The puff of flame hits you.
* * * LOW HITPOINT WARNING * * *
You barely miss Sigmund.
Sigmund is severely wounded.
Sigmund hits you but does no damage.
You hit Sigmund but do no damage.
Sigmund is severely wounded.
Sigmund gestures at you while chanting. The magic dart hits you.
* * * LOW HITPOINT WARNING * * *
You slash Sigmund!
Sigmund is almost dead.
Sigmund says, "I'm your fate." Sigmund hits you with a +0 scythe.
* * * LOW HITPOINT WARNING * * *
You hit Sigmund.
Sigmund is almost dead.
Sigmund casts a spell at you. The magic dart hits you.
You die...

######### ##########
........#######.........
........................
#######.#######......... #......#
#......... #......# #.........
.##...<..# #......... #.......$.#
#......... #........@# ##########
.......#.........@.............##
.......#........#....####........
.......#........#....# #.....^..
.......#....#..##....# #........
........######## ....# #........
..>........... ..... +........
........#.##.# ###### #........
#.....#.#.##.##### #........


You could see Sigmund.

Vanquished Creatures
  Natasha (thrice) (D:2)
  A worm (D:2)
  A dart slug (D:2)
  3 ball pythons (D:1)
  2 bats (D:2)
  6 endoplasms
  4 giant cockroaches
  2 goblins
  3 hobgoblins
  A frilled lizard (D:1)
  4 kobolds
  A rat (D:1)
31 creatures vanquished.

Notes
Turn   | Place    | Note
-------+----------+-------------------------------------------
     0 | D:1      | siradein the Demonspawn Fighter began the quest for the
                  | Orb.
     0 | D:1      | Reached XP level 1. HP: 18/18 MP: 1/1
   297 | D:1      | Gained mutation: You have a pair of small antennae on your
                  | head. [demonic ancestry]
   297 | D:1      | Reached XP level 2. HP: 22/24 MP: 2/2
   607 | D:1      | Found a faded altar of an unknown god.
  1061 | D:2      | Noticed Natasha
  1076 | D:2      | Killed Natasha
  1077 | D:2      | Reached XP level 3. HP: 5/29 MP: 3/3
  1094 | D:2      | Noticed Natasha
  1381 | D:2      | Killed Natasha
  1382 | D:2      | Gained mutation: You regenerate magic rapidly. [demonic
                  | ancestry]
  1382 | D:2      | Reached XP level 4. HP: 25/35 MP: 4/4
  1401 | D:2      | Noticed Natasha
  1475 | D:2      | Killed Natasha
  1939 | D:2      | Noticed Sigmund
  2124 | D:2      | Killed from afar by Sigmund

Illustrated notes

Levels and vault maps discovered:
D:1:      tarquinn_simple_flora_water_c, layout_basic,
          shapermc_ecumenical_altar_venn
D:2:      layout_basic, st_stairs_4, uniq_sigmund, uniq_natasha
D:3:      layout_basic, serial_shops, nicolae_diamond_shop

Skill      XL: |  1  2 |
---------------+-------+-----
Long Blades    | 2 |  2.6
Armour         | 3 |  3.3
Shields        | 3 |  3.4
Fighting       | |  3.7

Action                   |  1- 3 |  4- 6 || total
-------------------------+-------+-------++-------
Melee: Long sword        |    66 |    21 ||    87
  Use: Potion            |       |     1 ||     1
Armor: Scale mail        |    28 |     4 ||    32
Dodge: Dodged            |    30 |    12 ||    42
Block: Buckler           |    15 |     4 ||    19
       Tower shield      |     4 |       ||     4

Table legend: (Time is in decaauts)
 A = Elapsed time spent in this place.
 B = Non-inter-level travel time spent in this place.
 C = Inter-level travel time spent in this place.
 D = Time resting spent in this place.
 E = Time spent auto-exploring this place.
 F = Levels seen in this place.
 G = Mean time per level.
                   A        B        C        D        E       F      G
               +--------+--------+--------+--------+--------+-----+--------+
         Total |   2168 |   2145 |     23 |    493 |   1323 |   3 |  722.7 |
       Dungeon |   2168 |   2145 |     23 |    493 |   1323 |   3 |  722.7 |
               +--------+--------+--------+--------+--------+-----+--------+

Top non-repeatable levels by time:
     D:1: 1057 daAuts
     D:2: 777 daAuts
     D:3: 334 daAuts
